 Dungeon Crawl Stone Soup version 0.25-b1-23-ge2ad7d536c (webtiles) character file.

Game seed: 8823000547850815359, levelgen mode: deterministic

221 Dirian the Slasher (level 5, -11/47 HPs)
             Began as a Minotaur Fighter on May 28, 2020.
             Killed by divine providence
             ... invoked by an orc priest
              (13 damage)
             ... on level 3 of the Dungeon.
             The game lasted 00:03:04 (2907 turns).

Dirian the Slasher (Minotaur Fighter)               Turns: 2907, Time: 00:03:05

Health: -11/47     AC:  7    Str: 22    XL:     5   Next: 65%
Magic:  4/4        EV:  7    Int:  5    God:
Gold:   125        SH:  9    Dex:  9    Spells: 4/4 levels left

rFire    . . .     SeeInvis .   a - +0 long sword
rCold    . . .     Gourm    .   c - +0 kite shield
rNeg     . . .     Faith    .   b - +0 scale mail
rPois    .         Spirit   .   (helmet restricted)
rElec    .         Reflect  .   (no cloak)
rCorr    .         Harm     .   (no gloves)
MR       .....                  (no boots)
Stlth    ..........             (no amulet)
HPRegen  0.15/turn              (no ring)
MPRegen  0.09/turn              (no ring)

@: mighty
A: retaliatory headbutt, horns 2
a: no special abilities


You were on level 3 of the Dungeon.
You were hungry.

You visited 1 branch of the dungeon, and saw 3 of its levels.
You also visited: Sewer.

You collected 125 gold pieces.

Inventory:

Hand Weapons
 a - a +0 long sword (weapon)
Armour
 b - a +0 scale mail (worn)
 c - a +0 kite shield (worn)
 r - a +0 plate armour
Jewellery
 g - an uncursed amulet of guardian spirit {unknown}
 h - an uncursed ring of magical power {unknown}
 o - an uncursed ring of stealth {unknown}
Scrolls
 e - 2 scrolls of identify {unknown}
 i - 3 scrolls of teleportation {unknown}
 j - a scroll of noise {unknown}
 k - 3 scrolls of remove curse {unknown}
 n - a scroll of enchant armour {unknown}
 p - 3 scrolls of immolation {unknown}
Potions
 d - a potion of might
 l - a potion of haste {unknown}
 m - a potion of mutation {unknown}
 q - 3 potions of heal wounds {unknown}
 t - 2 potions of flight {unknown}
 u - a potion of curing {unknown}
Comestibles
 f - 5 rations


   Skills:
 + Level 4.5 Fighting
 * Level 5.2 Long Blades
 + Level 4.8 Armour
 + Level 4.5 Shields


You had 4 spell levels left.
You didn't know any spells.
Your spell library was empty.

Dungeon Overview and Level Annotations

Branches:
Dungeon (3/15)              Sewer (visited)

Altars:


Innate Abilities, Weirdness & Mutations

You reflexively headbutt those who attack you in melee.
You have a pair of horns on your head.


Message History

Unknown command.
Your shield and scale mail prevent you from hitting the orc.
Your headbutt misses the orc.
The orc priest invokes the aid of Beogh against you.
Beogh smites you!
* * * LOW HITPOINT WARNING * * *
You block the bat's attack. The orc hits you.
* * * LOW HITPOINT WARNING * * *
Okay, then.
You block the bat's attack. The orc hits you with a +0 club.
* * * LOW HITPOINT WARNING * * *
The bat barely misses you.
The orc priest miscasts a cantrip.
The goblin hits you with a +0 dagger.
* * * LOW HITPOINT WARNING * * *
You feel very mighty all of a sudden. The bat hits you but does no damage.
The orc priest mumbles some strange prayers to Beogh against you.
Beogh smites you!
You die...

#........... ...........
.# ## ###..........
###.#.... #............
..#.#.... #............
.........# #...o).......
.........# #...b........
≈≈.......# #.ogo........
≈≈≈..#..# #..@#########
.≈≈.....# #...# ≈≈≈...#.
#...####### ≈≈....#
#.......... .....##
#.#.......... .....##..
#.##.........
...<..#..###.##.†.......
#####.#... ...+.........
# #.#...##.##.........


You could see an orc priest, 2 orcs, a goblin and a bat.

Vanquished Creatures
  A big kobold (Sewer)
  An orc wizard (D:3)
  Robin (D:2)
  2 river rats (D:3)
  2 adders (D:2)
  4 oozes
  A leopard gecko (D:2)
  An orc (D:3)
  2 giant cockroaches
  13 goblins
  8 hobgoblins
  2 jackals (Sewer)
  A ball python (D:1)
  7 bats
  4 frilled lizards
  11 kobolds
  11 rats
72 creatures vanquished.

Notes
Turn   | Place    | Note
-------+----------+-------------------------------------------
     0 | D:1      | Dirian the Minotaur Fighter began the quest for the Orb.
     0 | D:1      | Reached XP level 1. HP: 19/19 MP: 0/0
   364 | D:1      | Reached XP level 2. HP: 24/27 MP: 1/1
   479 | D:1      | Reached skill level 3 in Long Blades
   537 | D:1      | Reached XP level 3. HP: 30/33 MP: 2/2
  1161 | D:2      | Noticed Robin
  1184 | D:2      | Killed Robin
  1184 | D:2      | Reached XP level 4. HP: 26/40 MP: 3/3
  1537 | D:2      | Reached skill level 4 in Long Blades
  2424 | D:3      | Found a glowing drain.
  2440 | Sewer    | Entered a sewer
  2634 | Sewer    | Noticed a big kobold
  2653 | Sewer    | Killed a big kobold
  2653 | Sewer    | Reached skill level 5 in Long Blades
  2653 | Sewer    | Reached XP level 5. HP: 28/47 MP: 4/4
  2794 | Sewer    | Found a glowing silver altar of Zin.
  2906 | D:3      | HP: 2/47 [goblin/+0 dagger (2)]
  2907 | D:3      | Killed from afar by an orc priest

Illustrated notes

Levels and vault maps discovered:
D:1:      dpeg_arrival_water_fire, layout_basic
D:2:      layout_basic, serial_co_window_serial, co_window_corner_a,
          co_window_paths_b, co_window_corner_a, co_window_paths_b,
          co_window_of_opportunity_a, co_window_paths_a,
          co_window_of_opportunity_a, co_window_of_opportunity_b,
          co_window_broadway_a, co_window_broadway_a, co_window_4corner_b,
          co_window_4corner_a, glass_columns_b, first_ration, uniq_robin
D:3:      layout_basic, marbit_many_paths, portal_sewer_entry_a

Skill      XL: |  1  2  3  4 |
---------------+-------------+-----
Armour         | 4 |  4.8
Shields        | 4 |  4.5
Fighting       | 4 |  4.5
Long Blades    | 3 5 |  5.2

Action                   |  1- 3 |  4- 6 || total
-------------------------+-------+-------++-------
Melee: Long sword        |    95 |    95 ||   190
       Headbutt          |    12 |    11 ||    23
  Use: Potion            |       |     1 ||     1
  Eat: Chunk             |     1 |     5 ||     6
Armor: Scale mail        |    48 |    31 ||    79
Dodge: Dodged            |    31 |    30 ||    61
Block: Kite shield       |    63 |    46 ||   109
       Rpst.: Long sword |    11 |     5 ||    16
